 Dungeon Crawl Stone Soup version 0.24.0-123-gd5b16e6ec5 (webtiles) character file.

Game seed: 5820973159368058561, levelgen mode: deterministic

163 lepoulpe303 the Chopper (level 5, -3/47 HPs)
             Began as a Hill Orc Monk on Dec 16, 2019.
             Slain by a scorpion (5 damage)
             ... on level 4 of the Dungeon.
             The game lasted 00:06:51 (2580 turns).

lepoulpe303 the Chopper (Hill Orc Monk)             Turns: 2580, Time: 00:06:52

Health: -3/47      AC:  6    Str: 15    XL:     5   Next: 44%
Magic:  5/5        EV: 15    Int: 10    God:
Gold:   147        SH:  4    Dex: 18    Spells: 4/4 levels left

rFire    . . .     SeeInvis .   a - +0 hand axe
rCold    . . .     Gourm    .   c - +0 buckler
rNeg     . . .     Faith    .   p - +0 scale mail
rPois    .         Spirit   .   (no helmet)
rElec    .         Reflect  .   (no cloak)
rCorr    .         Harm     .   (no gloves)
MR       .....                  (no boots)
Stlth    ++........             (no amulet)
HPRegen  0.15/turn              (no ring)
MPRegen  0.09/turn              (no ring)

@: agile
A: no striking features
a: no special abilities


You were on level 4 of the Dungeon.
You were not hungry.

You visited 1 branch of the dungeon, and saw 4 of its levels.

You collected 147 gold pieces.

Inventory:

Hand Weapons
 a - a +0 hand axe (weapon)
Armour
 c - a +0 buckler (worn)
 k - a +0 ring mail
 p - a +0 scale mail (worn)
Scrolls
 d - a scroll of enchant weapon {unknown}
 f - 5 scrolls of teleportation {unknown}
 g - 3 scrolls of remove curse {unknown}
 h - a scroll of noise {unknown}
 i - 2 scrolls of identify {unknown}
 j - 2 scrolls of fear {unknown}
Potions
 l - a potion of lignification {unknown}
 n - a potion of degeneration {unknown}
 o - 2 potions of curing {unknown}
 s - a potion of agility
Comestibles
 b - 2 chunks of flesh
 e - 7 rations


   Skills:
 * Level 4.9 Fighting
 * Level 5.6 Axes
 + Level 2.0 Armour
 + Level 2.8 Dodging
 - Level 1.5 Stealth
 + Level 0.9 Shields


You had 4 spell levels left.
You didn't know any spells.
Your spell library was empty.

Dungeon Overview and Level Annotations

Branches:
Dungeon (3/15)

Altars:
Fedhas


Message History

The scorpion closely misses you.
It was a potion of agility.
You feel agile all of a sudden.
s - a potion of agility The scorpion barely misses you.
You hit the scorpion. The scorpion barely misses you.
You hit the scorpion but do no damage.
The scorpion stings you but does no damage.
Some of the chunks of flesh in your inventory have rotted away.
You barely miss the scorpion. The scorpion barely misses you.
You hit the scorpion but do no damage. You hit the worm.
You block the scorpion's attack. The worm bites you.
* * * LOW HITPOINT WARNING * * *
You take 1 damage, and have 10/47 hp.
You hit the scorpion. You hit the worm. The scorpion stings you!
* * * LOW HITPOINT WARNING * * *
You take 8 damage, and have 2/47 hp.
Your shield and scale mail prevent you from hitting the scorpion.
You hit the worm. The scorpion stings you.
You die...

##..###..####+###....#
#......^..#...#......#
#.........#...#......#
####...##...#...##.....#
#......##...##..##.....##
##.....##+####..........+
#.....#................#
##....##...............#
######....@w>........##
#...s##..##.....# ##...
#..######## #....+.w...
##...##..##. #... #..# ..
.... ...+ . ..... ...#
#####


You could see a worm and a scorpion.

Levels and vault maps discovered:
D:1:      eino_arrival_druids_welcome, layout_basic
D:2:      layout_basic, fedhas_altar_2
D:3:      minmay_door_path, layout_loops_corners
D:4:      layout_gridville, gup_sewer_entry_bowl, serial_shops, shop,
          shop_fountains, shop, uniq_edmund, uniq_eustachio, uniq_sigmund

Notes
Turn   | Place    | Note
-------+----------+-------------------------------------------
     0 | D:1      | lepoulpe303 the Hill Orc Monk began the quest for the Orb.
     0 | D:1      | Reached XP level 1. HP: 19/19 MP: 1/1
    21 | D:1      | Identified a +0 club
    88 | D:1      | Identified a +0 club
    90 | D:1      | Reached XP level 2. HP: 18/27 MP: 2/2
   254 | D:1      | Identified a +0 club
   267 | D:1      | Identified a +0 club
   332 | D:1      | Reached skill level 4 in Fighting
   655 | D:1      | Reached skill level 1 in Armour
   655 | D:1      | Reached XP level 3. HP: 33/33 MP: 3/3
   744 | D:1      | Identified a +0 club
   887 | D:1      | Identified a +0 ring mail (You found it on level 1 of the
                  | Dungeon)
  1055 | D:2      | Identified a +0 dagger
  1082 | D:2      | Found a blossoming altar of Fedhas.
  1127 | D:2      | Reached skill level 5 in Axes
  1127 | D:2      | Reached XP level 4. HP: 31/41 MP: 4/4
  1431 | D:2      | Identified a +0 buckler (You found it on level 2 of the
                  | Dungeon)
  1523 | D:2      | Identified a +0 dagger
  1620 | D:2      | Identified a +0 vampiric dagger
  1622 | D:2      | Identified a +0 dagger
  1771 | D:3      | Identified a +0 scale mail (You found it on level 3 of the
                  | Dungeon)
  1948 | D:3      | Identified a +0 spear
  1949 | D:3      | Identified a +0 halberd
  1979 | D:3      | Identified a +0 whip
  2268 | D:3      | Identified a +0 club
  2493 | D:3      | You fall into a shaft and drop 1 floor!
  2540 | D:4      | Reached XP level 5. HP: 35/47 MP: 5/5
  2550 | D:4      | HP: 6/47 [iguana (7)]
  2553 | D:4      | Reached skill level 2 in Armour
  2574 | D:4      | Identified 2 potions of agility
  2578 | D:4      | HP: 10/47 [worm (1)]
  2579 | D:4      | HP: 2/47 [scorpion (8)]
  2580 | D:4      | Slain by a scorpion

Table legend:
 A = Turns spent in this place as a percentage of turns spent in the entire game.
 B = Non-inter-level travel turns spent in this place as a percentage of non-inter-level travel turns spent in the entire game.
 C = Inter-level travel turns spent in this place as a percentage of turns spent in this place.
 D = Turns resting spent in this place as a percentage of non-inter-level travel turns spent in this place.
 E = Turns spent auto-exploring this place as a percentage of non-inter-level travel turns spent in this place.
 F = Non-inter-level travel turns spent in this place divided by the number of levels of this place that you've seen.
                   A       B       C       D       E      F
               +-------+-------+-------+-------+-------+----------------------
         Total | 100.0 | 100.0 |   4.5 |  27.6 |  46.5 | 616.2
       Dungeon | 100.0 | 100.0 |   4.5 |  27.6 |  46.5 | 616.2
               +-------+-------+-------+-------+-------+----------------------

Table legend:
 A = Kills in this place as a percentage of kills in entire the game.
 B = Kills by you in this place as a percentage of kills by you in the entire game.
 C = Kills by friends in this place as a percentage of kills by friends in the entire game.
 D = Other kills in this place as a percentage of other kills in the entire game.
 E = Experience gained in this place as a percentage of experience gained in the entire game.
 F = Experience gained in this place divided by the number of levels of this place that you have seen.
                   A       B       C       D       E      F
               +-------+-------+-------+-------+-------+----------------------
         Total | 100.0 | 100.0 |   N/A |   N/A | 100.0 |  58.5
       Dungeon | 100.0 | 100.0 |   N/A |   N/A | 100.0 |  58.5
               +-------+-------+-------+-------+-------+----------------------

Skill      XL: |  1  2  3  4  5 |
---------------+----------------+-----
Fighting       | 4 |  4.9
Armour         | 1 2 |  2.0
Axes           | 5 |  5.6
Dodging        | |  2.8
Stealth        | |  1.5
Shields        | |  0.9

Action                   |  1- 3 |  4- 6 || total
-------------------------+-------+-------++-------
Melee: Hand axe          |   111 |   125 ||   236
  Use: Potion            |       |     1 ||     1
 Stab: Sleeping          |     3 |     1 ||     4
  Eat: Chunk             |     1 |     5 ||     6
Armor: Robe              |    14 |       ||    14
       Ring mail         |    20 |    20 ||    40
       Scale mail        |       |    25 ||    25
Dodge: Dodged            |    75 |    76 ||   151
Block: Buckler           |       |    21 ||    21

Vanquished Creatures
  A hound (D:4)
  An iguana (D:4)
  2 adders (D:2)
  A worm (D:3)
  5 dart slugs
  4 leopard geckos
  5 giant cockroaches
  8 goblins
  14 hobgoblins
  4 jackals (D:2)
  A quokka (D:2)
  2 ball pythons
  6 bats
  2 frilled lizards (D:1)
  4 kobolds
  11 rats
71 creatures vanquished.
